 Dungeon Crawl Stone Soup version 0.26.0-16-gc1dbca0489 (webtiles) character file.

Game seed: 10596521531822208928

48385 hawla the Destroyer (level 14, -2/102 HPs)
             Began as a Green Draconian Conjurer on Jan 22, 2021.
             Was a High Priest of Ashenzari.
             Slain by a five-headed hydra (14 damage)
             ... on level 15 of the Dungeon.
             The game lasted 01:17:44 (27001 turns).

hawla the Destroyer (Green Draconian Conjurer)     Turns: 27001, Time: 01:17:44

Health: -2/102     AC: 20    Str: 22    XL:     14   Next: 12%
Magic:  0/29       EV: 15    Int: 27    God:    Ashenzari [*****.]
Gold:   1067       SH:  5    Dex: 12    Spells: 4/36 levels left

rFire    . . .     SeeInvis +   m - staff of conjuration (curse)
rCold    . . .     Faith    .   G - +0 buckler (curse)
rNeg     + . .     Spirit   .   (armour unavailable)
rPois    +         Reflect  .   D - +3 crown of Dyrovepreva {rElec Int+2 SInv} (curse)
rElec    +         Harm     .   s - +2 cloak of Apathy {rPois Str+2 Int+2 Dex+3} (curse)
rCorr    .         Rampage  .   x - +2 pair of gloves (curse)
Will     +....     Clarity  +   u - +2 pair of boots (curse)
Stlth    +++.......             (no amulet)
HPRegen  0.27/turn              y - +6 ring of strength
MPRegen  0.21/turn              w - ring "Mulitwiq" {rN+ Str+3} (curse)

@: hasted, very quick
A: breathe noxious fumes, unfitting armour, antennae 1, beak, stinger 1, blurry
vision 1, poison resistance, cold-blooded, subdued magic 1, AC +8
a: Breathe Noxious Fumes, Renounce Religion, Curse Item, Scrying, Transfer
Knowledge


You were on level 15 of the Dungeon.
You worshipped Ashenzari.
Ashenzari was extremely pleased with you.
You visited 2 branches of the dungeon, and saw 16 of its levels.
You also visited: Gauntlet.

You collected 1067 gold pieces.

Inventory:

Hand Weapons
 q - the +8 trident "Killer Klown's Regret" {pain, rElec rF+ Will+ Dex+2}
   (You found it on level 10 of the Dungeon)

   In the hands of one skilled in necromantic magic, it inflicts extra damage on
   living creatures.
   It affects your dexterity (+2).
   It protects you from fire.
   It insulates you from electricity.
   It affects your willpower, your defense against some magical effects.
 C - the +9 dagger "Intal" {freeze, rElec rN+ Int-3 Dex+3}
   (You found it on level 13 of the Dungeon)

   It has been specially enchanted to freeze those struck by it, causing extra
   injury to most foes and up to half again as much damage against particularly
   susceptible opponents.
   It can also slow down cold-blooded creatures.
   It affects your intelligence (-3).
   It affects your dexterity (+3).
   It insulates you from electricity.
   It protects you from negative energy.
Missiles
 h - 51 poisoned darts (quivered)
 o - 4 silver boomerangs
 z - a throwing net
 E - 13 javelins
Armour
 s - the cursed +2 cloak of Apathy (worn) {rPois Str+2 Int+2 Dex+3}
   (You found it on level 9 of the Dungeon)

   It affects your strength (+2).
   It affects your intelligence (+2).
   It affects your dexterity (+3).
   It protects you from poison.
   It has a curse placed upon it.
 u - a cursed +2 pair of boots (worn)
 x - a cursed +2 pair of gloves (worn)
 D - the cursed +3 crown of Dyrovepreva (worn) {rElec Int+2 SInv}
   (You found it in a Gauntlet)

   It affects your intelligence (+2).
   It insulates you from electricity.
   It lets you see invisible.
   It has a curse placed upon it.
 G - a cursed +0 buckler (worn)
Magical Staves
 m - a cursed staff of conjuration (weapon)
 t - an uncursed staff of air
Jewellery
 w - the cursed ring "Mulitwiq" (right hand) {rN+ Str+3}
   (You acquired it in a Gauntlet)

   [ring of positive energy]

   It affects your strength (+3).
   It protects you from negative energy.
   It has a curse placed upon it.
 y - a +6 ring of strength (left hand)
Wands
 d - a wand of polymorph (9)
 r - a wand of random effects (41)
 A - a wand of digging (11)
 F - a wand of iceblast (3)
Scrolls
 c - 7 scrolls of identify
 e - 3 scrolls of blinking
 f - 2 scrolls of enchant armour
 g - 4 scrolls of remove curse
 j - 2 scrolls of fog
 k - a scroll of magic mapping
 l - 4 scrolls of teleportation
 v - 3 scrolls of enchant weapon
Potions
 a - a potion of invisibility
 b - 5 potions of brilliance
 i - 2 potions of might
 p - 2 potions of cancellation
 I - a potion of berserk rage
Miscellaneous
 H - a lightning rod (4/4)


   Skills:
 + Level 3.3 Fighting
 - Level 9.8(12.3) Staves
 - Level 1.0 Throwing
 + Level 3.3(6.9) Dodging
 - Level 2.0(5.0) Stealth
 - Level 3.0(5.3) Shields
 + Level 11.6 Spellcasting
 - Level 11.7 Conjurations
 - Level 5.1 Translocations
 - Level 5.0 Transmutations
 - Level 5.6 Fire Magic
 - Level 9.9 Earth Magic
 - Level 4.3 Poison Magic
 - Level 4.0(6.4) Evocations


You had 4 spell levels left.
You knew the following spells:

 Your Spells              Type           Power        Failure   Level
a - Magic Dart            Conj           100%         0%          1
b - Searing Ray           Conj           100%         1%          2
c - Iskenderun's Mystic   Conj/Tloc      63%          1%          4
d - Iskenderun's Battles  Conj           75%          1%          5
e - Iron Shot             Conj/Erth      36%          4%          6
f - Bolt of Magma         Conj/Fire/Erth 33%          1%          5
g - Irradiate             Conj/Tmut      31%          2%          5
h - Olgreb's Toxic Radia  Pois           30%          4%          4

Your spell library contained the following spells:

 Spells                   Type           Power        Failure   Level
 Sandblast                Erth           100%         1%          1
 Sting                    Tmut/Pois      100%         1%          1
 Blink                    Tloc           N/A          1%          2
 Passwall                 Tmut/Erth      35%          1%          2
 Poisonous Vapours        Pois/Air       42%          1%          2
 Conjure Flame            Conj/Fire      64%          1%          3
 Dazzling Flash           Conj/Hex       100%         1%          3
 Gell's Gravitas          Tloc           16%          1%          3
 Ignite Poison            Fire/Tmut/Pois 32%          1%          3
 Mephitic Cloud           Conj/Pois/Air  51%          1%          3
 Stone Arrow              Conj/Erth      100%         1%          3
 Petrify                  Tmut/Erth      43%          1%          4
 Animate Skeleton         Necr           24%          2%          1
 Pain                     Necr           48%          2%          1
 Fulminant Prism          Conj/Hex       26%          2%          4
 Call Imp                 Summ           12%          4%          2
 Slow                     Hex            12%          4%          2
 Confusing Touch          Hex            12%          9%          3
 Vampiric Draining        Necr           6%           9%          3
 Animate Dead             Necr           6%           32%         4
 Lee's Rapid Deconstruct  Erth           26%          1%          5
 Orb of Destruction       Conj           37%          21%         7
 Statue Form              Tmut/Erth      28%          22%         6
 Yara's Violent Unravell  Hex/Tmut       11%          30%         5
 Hydra Form               Tmut           16%          52%         6
 Agony                    Necr           12%          67%         5
 Metabolic Englaciation   Hex/Ice        6%           67%         5
 Spellforged Servitor     Conj/Summ      26%          94%         7
 Dragon Form              Tmut           16%          98%         7


Dungeon Overview and Level Annotations

Branches:
Dungeon (15/15)            Temple (1/1) D:7            Lair (0/6) D:9
    Orc (0/2) D:10         Depths (0/5) D:15        Gauntlet (visited)
 Vaults: D:13-14

Altars:
Ashenzari
Cheibriados
Dithmenos
Elyvilon
Fedhas
Gozag
Hepliaklqana
Kikubaaqudgha
Makhleb
Nemelex Xobeh
Okawaru
Qazlal
Ru
Sif Muna
Trog
Uskayaw
Vehumet
Wu Jian
Xom
Yredelemnul
Zin
The Shining One

Shops:
D:4 [   D:7 :   D:10 [(


Innate Abilities, Weirdness & Mutations

You can breathe blasts of noxious fumes.
Your lurid green scales are hard. (AC +8)
You cannot fit into any form of body armour.
Your tail ends in a poisonous barb.
Your system is resistant to poisons. (rPois)
You are cold-blooded and may be slowed by cold attacks.
You have a pair of small antennae on your head.
You have a beak for a mouth.
Scrolls take you a little longer to read.
Your spells are a little easier to cast, but a little less powerful.


Message History

The magic dart hits the five-headed hydra.
The five-headed hydra is lightly wounded.
Your battlesphere fires!
The barrage of energy hits the five-headed hydra!
The five-headed hydra is moderately wounded.
The five-headed hydra bites you but does no damage. x3
The five-headed hydra bites you!
The five-headed hydra bites you but does no damage.
You block the five-headed hydra's attack.
The five-headed hydra misses you. The five-headed hydra bites you.
* * * LOW HITPOINT WARNING * * *
The five-headed hydra completely misses you.
The five-headed hydra misses you.
Okay, then.
You feel yourself speed up. The five-headed hydra bites you.
* * * LOW HITPOINT WARNING * * *
The five-headed hydra bites you!
* * * LOW HITPOINT WARNING * * *
The five-headed hydra bites you!
You die...

#'##.##≈≈≈≈≈≈≈≈######...##.##.###
#.##.#≈≈≈≈≈≈≈≈≈# #...#♣.♣### #
#.##.#≈≈≈≈≈≈≈≈≈# #...##.# #
#.##.....≈≈≈≈≈≈# #...##.# #
#.####≈≈.≈≈≈≈≈≈# #####♣.♣ # #.#
##≈.≈≈≈≈≈≈# ##.# # #.# ##.≈≈≈≈≈≈#
#..#
#.######.≈≈≈≈*###########.#######
#...............@..............(.
########.##≈###.D################
#.#### ##†..# ,, * ##'#####
#.≈.#, , ,{ # #.u....# #.(†# ,,*
* ## * #.u....# ####)# , * #≈ . ,
*#).....# ,#.., * #≈ ..$u
#......# .≈.# ## ...$u##......#
..# #


You could see a five-headed hydra and a friendly battlesphere.

Vanquished Creatures
  A dire elephant (D:15)
  2 entropy weavers (D:12)
  A minotaur (Gauntlet)
  4 hydras
  2 boulder beetles
  A catoblepas (D:13)
  A tengu warrior (D:10)
  3 centaur warriors
  3 two-headed ogres
  2 death scarabs (Gauntlet)
  A queen ant (D:12)
  A deep elf knight (D:10)
  A fire crab (D:10)
  A wizard (D:13)
  A wolf spider zombie (D:13)
  Pikel (D:4)
  2 deep elf magi
  An orc knight (D:15)
  13 ugly things
  A wolf spider (D:15)
  A salamander (D:15)
  6 manticores
  Maurice (D:9)
  Joseph (D:7)
  A komodo dragon (D:11)
  A gargoyle (D:12)
  A freezing wraith (D:15)
  2 ice devils (D:14)
  10 trolls
  A slime creature (D:10)
  6 shadows
  2 wyverns
  2 wraiths
  2 vampires
  A basilisk (D:11)
  13 humans (D:13)
  A hog (shapeshifter) (D:14)
  15 yaks
  6 vampire mosquitoes
  Menkaure (D:6)
  Edmund (D:6)
  An acid dragon (D:14)
  10 soldier ants (D:12)
  10 orc warriors
  A spectral torpor snail (Gauntlet)
  5 sky beasts
  2 eyes of draining (D:12)
  A black bear (D:8)
  3 phantoms
  A necrophage (D:10)
  10 centaurs
  8 ogres
  A lemure (D:4)
  3 big kobolds
  12 bullfrogs
  A wyvern zombie (D:9)
  A wyvern skeleton (D:14)
  11 killer bees
  An electric eel (D:15)
  17 wights
  A howler monkey (D:12)
  A bullfrog zombie (D:13)
  2 quasits
  5 centaur zombies
  13 orc priests
  10 hounds
  5 jellies
  4 centaur skeletons
  3 iguanas
  15 orc wizards
  30 worker ants
  A killer bee zombie (D:8)
  6 gnolls
  15 adders
  5 shadow imps
  3 white imps
  An ufetubus (D:10)
  An ooze (D:5)
  An adder zombie (D:9)
  5 worms
  3 dart slugs
  7 leopard geckos
  61 orcs
  9 bats
  7 giant cockroaches
  8 goblins
  4 hobgoblins
  5 jackals
  21 kobolds
  8 quokkas
  2 ball pythons
  8 frilled lizards
  2 quokka skeletons
  A quokka zombie (D:6)
  4 rats
494 creatures vanquished.

Notes
Turn   | Place    | Note
-------+----------+-------------------------------------------
     0 | D:1      | hawla the Draconian Conjurer began the quest for the Orb.
     0 | D:1      | Reached XP level 1. HP: 14/14 MP: 3/3
    16 | D:1      | You fall into a shaft and drop 1 floor!
   117 | D:2      | Reached skill level 1 in Fighting
   117 | D:2      | Reached XP level 2. HP: 7/23 MP: 0/5
   132 | D:2      | HP: 1/23 [bat (1)]
   473 | D:1      | Learned a level 2 spell: Searing Ray
   945 | D:1      | Reached XP level 3. HP: 28/28 MP: 2/7
  1606 | D:2      | Gained mutation: Your magical capacity is low. (-10% MP)
                  | [potion of mutation]
  1606 | D:2      | Gained mutation: You are weak. (Str -2) [potion of
                  | mutation]
  1606 | D:2      | Gained mutation: You have a beak for a mouth. [potion of
                  | mutation]
  2035 | D:2      | Reached XP level 4. HP: 35/35 MP: 3/8
  2951 | D:3      | Learned a level 4 spell: Iskenderun's Mystic Blast
  3145 | D:3      | Found a broken altar of Ashenzari.
  3161 | D:3      | Became a worshipper of Ashenzari the Shackled
  3820 | D:3      | Reached XP level 5. HP: 40/40 MP: 2/10
  3901 | D:3      | Reached skill level 1 in Translocations
  4967 | D:4      | Reached XP level 6. HP: 47/47 MP: 4/11
  4989 | D:4      | Reached skill level 1 in Staves
  5265 | D:4      | Found Headeig's Armour Boutique.
  5314 | D:4      | Noticed Pikel
  5320 | D:4      | Killed Pikel
  5321 | D:4      | Reached skill level 5 in Spellcasting
  5321 | D:4      | Reached skill level 5 in Conjurations
  5321 | D:4      | Reached skill level 1 in Evocations
  5321 | D:4      | Your scales start taking on a lurid green colour.
  5321 | D:4      | Reached XP level 7. HP: 32/52 MP: 4/13
  5321 | D:4      | Gained mutation: Your system is resistant to poisons.
                  | (rPois) [Green Draconian growth]
  5529 | D:4      | Noticed a troll
  5535 | D:4      | Killed a troll
  5536 | D:4      | Reached XP level 8. HP: 19/59 MP: 1/14
  6617 | D:5      | Entered Level 5 of the Dungeon
  7030 | D:5      | Reached skill level 5 in Translocations
  7485 | D:5      | Reached * piety under Ashenzari
  8347 | D:6      | Found a shadowy altar of Dithmenos.
  8347 | D:6      | Noticed Menkaure
  8350 | D:6      | Killed Menkaure
  8494 | D:6      | Reached XP level 9. HP: 50/64 MP: 10/16
  9025 | D:6      | Reached skill level 5 in Staves
  9192 | D:6      | Noticed Edmund
  9198 | D:6      | Killed Edmund
  9458 | D:6      | Found a burning altar of Makhleb.
  9672 | D:7      | Lost mutation: Your magical capacity is low. (-10% MP)
                  | [potion of mutation]
  9672 | D:7      | Lost mutation: You are weak. (Str -2) [potion of mutation]
  9672 | D:7      | Gained mutation: Scrolls take you a little longer to read.
                  | [potion of mutation]
  9672 | D:7      | Gained mutation: Your flesh is cold resistant. (rC+)
                  | [potion of mutation]
  9846 | D:7      | Reached ** piety under Ashenzari
  9950 | D:7      | Noticed Joseph
  9953 | D:7      | Found a staircase to the Ecumenical Temple.
  9967 | D:7      | Killed Joseph
  9976 | Temple   | Entered the Ecumenical Temple
 10532 | D:7      | Found Kecept's Book Shop.
 11001 | D:8      | Reached XP level 10. HP: 46/71 MP: 9/22
 12458 | D:8      | Learned a level 5 spell: Iskenderun's Battlesphere
 12465 | D:8      | Learned a level 6 spell: Iron Shot
 12471 | D:8      | Learned a level 5 spell: Bolt of Magma
 12756 | D:9      | Got the uncursed cloak of Apathy {rPois Str+2 Int+2 Dex+3}
 12767 | D:9      | Identified the +2 cloak of Apathy {rPois Str+2 Int+2 Dex+3}
                  | (You found it on level 9 of the Dungeon)
 12938 | D:9      | Reached skill level 1 in Fire Magic
 13033 | D:9      | Reached skill level 1 in Earth Magic
 13506 | D:9      | Reached *** piety under Ashenzari
 13508 | D:9      | Found a staircase to the Lair.
 13545 | D:9      | Noticed Maurice
 13551 | D:9      | Killed Maurice
 14091 | D:10     | Entered Level 10 of the Dungeon
 14091 | D:10     | Found Ypadiph's Armour Shoppe.
 14091 | D:10     | Found a staircase to the Orcish Mines.
 14214 | D:10     | Found Koiret's Weapon Shoppe.
 14746 | D:10     | Noticed a five-headed hydra
 14746 | D:10     | Noticed a tengu warrior
 14752 | D:10     | Killed a five-headed hydra
 14753 | D:10     | Reached XP level 11. HP: 62/77 MP: 8/24
 14768 | D:10     | Killed a tengu warrior
 15030 | D:10     | Noticed a fire crab
 15030 | D:10     | Noticed a deep elf knight
 15031 | D:10     | Identified the +8 trident "Killer Klown's Regret" {pain,
                  | rElec rF+ Will+ Dex+2}
 15052 | D:10     | Killed a deep elf knight
 15060 | D:10     | Killed a fire crab
 16565 | D:11     | Learned a level 5 spell: Irradiate
 16614 | D:11     | Noticed a six-headed hydra
 16622 | D:11     | Killed a six-headed hydra
 16623 | D:11     | Reached skill level 1 in Transmutations
 16623 | D:11     | Reached skill level 5 in Fire Magic
 16947 | D:11     | Reached skill level 5 in Earth Magic
 17122 | D:12     | Noticed a red ugly thing
 17128 | D:12     | Killed a red ugly thing
 17264 | D:12     | Noticed a deep elf mage
 17506 | D:12     | Killed a deep elf mage
 17680 | D:12     | Noticed an entropy weaver
 17683 | D:12     | Noticed an entropy weaver
 17689 | D:12     | Noticed a two-headed ogre
 17690 | D:12     | Killed an entropy weaver
 17691 | D:12     | Reached XP level 12. HP: 53/83 MP: 0/25
 17825 | D:12     | Killed a two-headed ogre
 17956 | D:12     | Killed an entropy weaver
 18147 | D:12     | Reached skill level 10 in Spellcasting
 19404 | D:11     | Reached **** piety under Ashenzari
 19428 | D:11     | Noticed a boulder beetle
 19439 | D:11     | Killed a boulder beetle
 19440 | D:11     | Reached skill level 5 in Transmutations
 20159 | D:12     | Reached skill level 10 in Conjurations
 20334 | D:12     | Noticed a four-headed hydra
 20343 | D:12     | Killed a four-headed hydra
 20474 | D:12     | Noticed a queen ant
 20483 | D:12     | Reached skill level 1 in Throwing
 20486 | D:12     | Killed a queen ant
 21247 | D:13     | Noticed a boulder beetle
 21258 | D:13     | Killed a boulder beetle
 21648 | D:13     | Noticed a catoblepas
 21656 | D:13     | Killed a catoblepas
 21833 | D:13     | Reached XP level 13. HP: 89/89 MP: 6/27
 22001 | D:13     | Identified the +9 dagger "Intal" {freeze, rElec rN+ Int-3
                  | Dex+3}
 22459 | D:14     | Found a gate leading to a gauntlet.
 22465 | Gauntlet | Entered a Gauntlet
 22465 | Gauntlet | Found a transporter.
 22599 | Gauntlet | Learned a level 4 spell: Olgreb's Toxic Radiance
 22602 | Gauntlet | Found a transporter.
 22605 | Gauntlet | Found a transporter.
 22609 | Gauntlet | Found the +3 crown of Dyrovepreva {rElec Int+2 SInv}
 22625 | Gauntlet | Identified a scroll of acquirement
 22627 | Gauntlet | Acquired the cursed ring "Mulitwiq" {rN+ Str+3}
 22631 | Gauntlet | Found a transporter.
 22635 | Gauntlet | Found a transporter.
 22640 | Gauntlet | Found the cursed necklace of Bloodlust {*Rage +Rage Will++
                  | Int-3 Slay+6 *Curse}
 22661 | Gauntlet | Found a transporter.
 22670 | Gauntlet | Found a transporter.
 22675 | Gauntlet | Found a transporter.
 22681 | Gauntlet | Found a runed translucent door.
 22690 | Gauntlet | Identified the amulet "Zoneten" {Reflect rC- Str+3 Int+7
                  | Slay+3 SH+5}
 22691 | Gauntlet | Found a transporter.
 22700 | Gauntlet | Identified the ring "Urec" {*Drain rPois Int+3 Dex+4}
 22702 | Gauntlet | Identified the ring "Wapliost" {rC- rN+ Int+4 Dex+3}
 22702 | Gauntlet | Found a runed translucent door.
 22705 | Gauntlet | Found a transporter.
 22705 | Gauntlet | Found a transporter.
 22709 | Gauntlet | Found a transporter.
 22710 | Gauntlet | Found a runed translucent door.
 22779 | Gauntlet | Reached skill level 1 in Poison Magic
 23214 | Gauntlet | Noticed a minotaur
 23220 | Gauntlet | Killed a minotaur
 25591 | D:15     | Entered Level 15 of the Dungeon
 25602 | D:15     | Reached skill level 1 in Shields
 25878 | D:15     | Lost mutation: Your flesh is cold resistant. (rC+) [potion
                  | of mutation]
 25878 | D:15     | Lost mutation: Scrolls take you a little longer to read.
                  | [potion of mutation]
 25878 | D:15     | Gained mutation: Your spells are a little easier to cast,
                  | but a little less powerful. [potion of mutation]
 25878 | D:15     | Gained mutation: Scrolls take you a little longer to read.
                  | [potion of mutation]
 25878 | D:15     | Gained mutation: You have a pair of small antennae on your
                  | head. [potion of mutation]
 25882 | D:15     | Reached ***** piety under Ashenzari
 26351 | D:15     | Gained mutation: Your tail ends in a poisonous barb. [Green
                  | Draconian growth]
 26351 | D:15     | Reached XP level 14. HP: 84/100 MP: 4/29
 26983 | D:15     | Found a staircase to the Depths.
 27001 | D:15     | Slain by a five-headed hydra

Illustrated notes

Levels and vault maps discovered:
D:1:      dpeg_arrival_rooms_c, layout_basic
D:2:      layout_loops_corners
D:3:      layout_loops_cross, lemuel_crystal_altar
D:4:      layout_loops_corners, serial_shops, shop, uniq_pikel
D:5:      layout_layer_cave
D:6:      layout_loops_ring, basic_altar, grunt_dithmenos_smoke, uniq_edmund,
          uniq_menkaure
D:7:      layout_cave_pools, minmay_temple_entry_overgrown, serial_shops,
          nicolae_shop_statue_plus, uniq_joseph
D:8:      layout_loops_corners
D:9:      layout_loops_ring, dpeg_oklobed_lair, uniq_maurice
D:10:     minmay_shrinking_squares, layout_basic, orc_david_3
D:11:     minmay_inside_and_out, layout_basic
D:12:     layout_cave_pools, minmay_another_anthill
D:13:     layout_small_grid, grunt_vaults_entry_tiered, minmay_protected_statue
D:14:     layout_stronghold, chequers_serial_rivers_micro_b,
          gauntlet_entry_generic, portal_ice_cave_demonic_guard
D:15:     hangedman_depths_entry_try_elsewhere_first, layout_basic,
          nicolae_benzene_ring, chequers_arboretum,
          amcnicky_mini_corridor_feature
Temple:   nicolae_temple_the_god_donut

Skill      XL: |  1  2  3  4  5  6  7  8  9 10 11 12 13 14 |
---------------+-------------------------------------------+-----
Fighting       | 1 2 3 |  3.3
Dodging        | 2 3 |  3.3
Stealth        | 2 |  2.0
Spellcasting   | 3 4 5 6 8 9 10 11 | 11.6
Translocations | 2 3 4 5 |  5.1
Staves         | 2 4 7 8 9 |  9.8
Conjurations   | 5 6 7 9 10 11 | 11.7
Evocations     | 1 2 4 |  4.0
Fire Magic     | 3 5 |  5.6
Earth Magic    | 3 5 8 9 |  9.9
Transmutations | 3 5 |  5.0
Throwing       | 1 |  1.0
Poison Magic   | 4 |  4.3
Shields        | 3 |  3.0

Action                   |  1- 3 |  4- 6 |  7- 9 | 10-12 | 13-15 || total
-------------------------+-------+-------+-------+-------+-------++-------
Melee: Unarmed           |    25 |    35 |       |       |       ||    60
       Tailslap          |       |     3 |     6 |     2 |     3 ||    14
       Peck              |       |     1 |     5 |     1 |     5 ||    12
       Staff             |       |    13 |    67 |    48 |    16 ||   144
Throw: Dart              |       |       |     3 |    16 |       ||    19
 Cast: Magic Dart        |    34 |    43 |    74 |   145 |    40 ||   336
       Searing Ray       |    17 |    37 |    53 |   144 |    40 ||   291
       Iskenderun's Myst |       |       |    20 |    63 |    43 ||   126
       Iskenderun's Batt |       |       |       |    41 |    25 ||    66
       Bolt of Magma     |       |       |       |     5 |    17 ||    22
       Irradiate         |       |       |       |     1 |       ||     1
       Olgreb's Toxic Ra |       |       |       |       |     6 ||     6
       Iron Shot         |       |       |       |       |     4 ||     4
Invok: Curse Item        |       |     1 |       |     1 |     4 ||     6
 Abil: Breathe Noxious F |       |       |       |       |     2 ||     2
Evoke: Wand              |       |       |       |       |     4 ||     4
  Use: Potion            |     1 |     3 |     2 |     8 |     2 ||    16
       Scroll            |     1 |     1 |    10 |     4 |     9 ||    25
Armor: Skin              |    15 |    26 |    42 |   121 |    46 ||   250
Dodge: Dodged            |    29 |    56 |    79 |   114 |    66 ||   344
Block: Buckler           |       |       |       |       |    12 ||    12
